 Dungeon Crawl Stone Soup version 0.31-a0-889-g1a8549509d (webtiles) character file.

Game seed: 2521936559678937782

4904 gelatine the Ogre Mage (level 10, -14/98 HPs)
             Began as an Ogre Fire Elementalist on Oct 16, 2023.
             Was a Believer of Vehumet.
             Demolished by a shadow (28 damage)
             ... on level 9 of the Dungeon.
             The game lasted 00:35:14 (9037 turns).

gelatine the Ogre Mage (Ogre Fire Elementalist)     Turns: 9037, Time: 00:35:15

Health: -14/98     AC: 15    Str: 14    XL:     10   Next: 51%
Magic:  1/23       EV:  9    Int: 20    God:    Vehumet [**....]
Gold:   320        SH:  5    Dex:  9    Spells: 13/28 levels left

rFire   . . .        r - +1 whip (vamp)
rCold   . . .        (no shield)
rNeg    . . .        F - +0 swamp dragon scales
rPois   +            (helmet restricted)
rElec   .            h - +2 cloak
rCorr   .            (gloves unavailable)
SInv    .            (boots unavailable)
Will    +....        m - amulet of reflection
Stlth   +            u - ring of wizardry
HPRegen 0.36/turn    k - +4 ring of protection
MPRegen 0.18/turn

%: reflection, wizardry (x1)
@: no status effects
A: large, unfitting armour, tough skin 1
a: Renounce Religion


You were on level 9 of the Dungeon.
You worshipped Vehumet.
Vehumet was pleased with you.
You visited 2 branches of the dungeon, and saw 10 of its levels.

You collected 320 gold pieces.

Inventory:

Hand Weapons
 c - a +0 giant club
 q - a +3 scythe of protection
 r - a +1 vampiric whip (weapon)
 B - a +2 hand axe of electrocution
 D - a +0 war axe of flaming
Missiles
 f - 8 curare-tipped darts
 p - 2 throwing nets
Armour
 h - a +2 cloak (worn)
 v - +0 steam dragon scales
 F - +0 swamp dragon scales (worn)
Jewellery
 d - a ring of positive energy
 e - an amulet of magic regeneration
 k - a +4 ring of protection (right hand)
 m - an amulet of reflection (around neck)
 u - a ring of wizardry (left hand)
 x - a ring of wizardry
Talismans
 i - a blade talisman
 K - a flux talisman
Wands
 E - a wand of mindburst (19)
Scrolls
 g - 2 scrolls of revelation
 j - 3 scrolls of teleportation
 w - 2 scrolls of noise
 y - a scroll of enchant weapon
 z - a scroll of silence
 C - a scroll of blinking {unknown}
 G - a scroll of brand weapon {unknown}
 I - a scroll of fear {unknown}
 J - 2 scrolls of torment
Potions
 a - 2 potions of heal wounds
 b - 3 potions of magic
 l - a potion of enlightenment
 n - 3 potions of curing
 o - 5 potions of might
 s - 3 potions of haste
 t - a potion of berserk rage
 A - 2 potions of mutation
 H - 2 potions of lignification {unknown}
 L - a potion of ambrosia


   Skills:
 * Level 5.8 Fighting
 + Level 0.5 Maces & Flails
 + Level 2.1 Polearms
 * Level 1.2 Armour
 * Level 4.5 Dodging
 + Level 1.7 Stealth
 * Level 1.6 Shields
 * Level 9.5 Spellcasting
 * Level 4.3 Conjurations
 * Level 4.0 Translocations
 * Level 7.3 Fire Magic
 * Level 0.6 Evocations


You had 13 spell levels left.
You knew the following spells:

 Your Spells              Type           Power      Damage    Failure   Level
a - Foxfire               Conj/Fire      100%       2x1d9     1%          1
b - Scorch                Fire           76%        2d8       1%          2
c - Volatile Blastmotes   Fire/Tloc      64%        2d15      1%          3
d - Apportation           Tloc           50%        N/A       1%          1
e - Blink                 Tloc           50%        N/A       1%          2
f - Flame Wave            Conj/Fire      32%        2d9       6%          4
g - Searing Ray           Conj           52%        2d6       1%          2

Your spell library contained the following spells:

 Spells                   Type           Power      Damage    Failure   Level
 Inner Flame              Hex/Fire       24%        N/A       4%          3
 Necrotise                Necr           36%        1d5       6%          1
 Summon Small Mammal      Summ           36%        N/A       6%          1
 Hailstorm                Conj/Ice       18%        3d6       8%          3
 Manifold Assault         Tloc           25%        N/A       12%         4
 Summon Guardian Golem    Hex/Summ       9%         N/A       17%         3
 Summon Ice Beast         Ice/Summ       9%         N/A       50%         4
 Simulacrum               Ice/Necr       4%         N/A       100%        6
 Orb of Destruction       Conj           13%        9d7       100%        7
 Spellforged Servitor     Conj/Summ      9%         N/A       100%        7


Dungeon Overview and Level Annotations

Branches:
Dungeon (9/15)             Temple (1/1) D:5
   Lair: D:8-11         Orc: D:9-12

Altars:
Ashenzari
Cheibriados
Dithmenos
Elyvilon
Gozag
Hepliaklqana
Kikubaaqudgha
Makhleb
Okawaru
Qazlal
Ru
Sif Muna
Trog
Uskayaw
Vehumet
Wu Jian
Xom
Yredelemnul
Zin
The Shining One

Shops:
D:7 ?


Innate Abilities, Weirdness & Mutations

You are too large for most types of armour.
You have tough skin. (AC +1)


Message History

The shadow closely misses you. The yak gores you but does no damage.
You hit the yak.
You feel better.
You kill the yak!
Vehumet accepts your kill. The shadow hits you. The shadow closely misses you.
Items here: [ †††.
Casting: Scorch (safe; 1% risk of failure)
Confirm with . or Enter, or press ? or * to list all spells.
You blink.
You feel ready to blink again.
The shadow slips into darkness.
The shadow flickers and vanishes!
Deactivating autopickup; reactivate with Ctrl-A.
Casting: Blink (safe; 1% risk of failure)
Confirm with . or Enter, or press ? or * to list all spells.
You don't have enough magic to cast this spell.
You are too injured to fight recklessly!
Casting: Blink (safe; 1% risk of failure)
Confirm with . or Enter, or press ? or * to list all spells.
You conjure some foxfire!
Casting: Foxfire (safe; 1% risk of failure)
Confirm with . or Enter, or press ? or * to list all spells.
You conjure some foxfire!
The foxfire hits something. x2
The foxfire hits something but does no damage.
Unknown command.
You hit something but do no damage.
The foxfire hits something.
The shadow strikes at you from the darkness!
* * * LOW HITPOINT WARNING * * *
Reactivating autopickup.
You hit the shadow.
The shadow is heavily damaged.
The shadow closely misses you.
You hit the shadow but do no damage.
The shadow is heavily damaged.
The shadow slips into darkness.
The shadow flickers and vanishes!
Deactivating autopickup; reactivate with Ctrl-A.
You barely miss something.
The shadow strikes at you from the darkness!
You die...

##'# #.## ...# #..#
####### ##.# .Y^...#
#######.###
.Y....####.........#
..)...#.)..........#
....Y.#.##.........#
.....Y'.##......{..#
......####..>...@..#
....<.# ####.######
......# #..###
####### ##...# ...#
#####'##### ##.####
#.........# ......#
#.........# ......#
#.........# ......#
####.........#


There were no monsters in sight!

Vanquished Creatures
  Maggie (D:8)
  A hornet (D:9)
  Sigmund (D:3)
  11 yaks
  2 steam dragons
  Menkaure (D:5)
  A water moccasin (D:8)
  An ice beast (D:7)
  A sky beast (D:8)
  3 orc warriors
  A centaur (D:9)
  An ogre (D:5)
  A phantom (D:3)
  4 kobold brigands
  3 bullfrogs (D:7)
  2 scorpions
  A crimson imp (D:4)
  3 jellies
  5 orc priests
  3 hounds (D:5)
  3 iguanas
  2 sleepcaps
  Terence (D:3)
  4 orc wizards
  Robin (D:2)
  4 gnolls (D:3)
  8 adders
  4 ufetubi
  2 worms
  A dart slug (D:5)
  24 orcs
  5 ball pythons
  8 bats
  8 endoplasms
  2 giant cockroaches
  14 goblins
  13 hobgoblins
  6 jackals (D:4)
  25 kobolds
  5 quokkas
  2 frilled lizards (D:3)
  A goblin skeleton (D:4)
  4 goblin zombies (D:4)
  A hobgoblin zombie (D:4)
  A kobold skeleton (D:4)
  2 kobold zombies (D:4)
  2 orc skeletons (D:4)
  6 rats
206 creatures vanquished.

Vanquished Creatures (others)
  488 foxfires
488 creatures vanquished.

Grand Total: 694 creatures vanquished

Notes
Turn   | Place    | Note
-------+----------+-------------------------------------------
     0 | D:1      | gelatine the Ogre Fire Elementalist began the quest for the
                  | Orb.
     0 | D:1      | Reached XP level 1. HP: 16/16 MP: 3/3
   133 | D:1      | Reached XP level 2. HP: 24/24 MP: 2/5
   246 | D:1      | Reached skill level 1 in Conjurations
   342 | D:1      | You fall into a shaft and drop 1 floor!
   415 | D:2      | Reached XP level 3. HP: 32/32 MP: 5/7
   447 | D:2      | Learned a level 2 spell: Scorch
   470 | D:2      | Learned a level 3 spell: Volatile Blastmotes
   791 | D:2      | Noticed Robin
   798 | D:2      | Killed Robin
   799 | D:2      | Reached skill level 3 in Spellcasting
   807 | D:2      | Reached XP level 4. HP: 19/40 MP: 6/8
  1592 | D:3      | Reached skill level 1 in Fighting
  1676 | D:3      | Reached XP level 5. HP: 33/48 MP: 5/10
  1765 | D:3      | Noticed Terence
  1793 | D:3      | Killed Terence
  1794 | D:3      | Reached skill level 4 in Spellcasting
  1850 | D:3      | Noticed Sigmund
  1882 | D:3      | Killed Sigmund
  1883 | D:3      | Reached skill level 1 in Translocations
  1883 | D:3      | Reached XP level 6. HP: 51/57 MP: 6/13
  2044 | D:3      | Reached skill level 5 in Spellcasting
  2341 | D:4      | Found a broken altar of Ashenzari.
  2428 | D:4      | Reached XP level 7. HP: 65/65 MP: 10/14
  2786 | D:4      | Found a glowing golden altar of the Shining One.
  3032 | D:5      | Entered Level 5 of the Dungeon
  3126 | D:5      | Learned a level 1 spell: Apportation
  3129 | D:5      | Learned a level 2 spell: Blink
  3265 | D:5      | Noticed Menkaure
  3273 | D:5      | Killed Menkaure
  3274 | D:5      | Reached skill level 1 in Polearms
  3297 | D:5      | Reached skill level 6 in Spellcasting
  3336 | D:5      | Reached XP level 8. HP: 17/74 MP: 11/17
  3516 | D:5      | Found a staircase to the Ecumenical Temple.
  3619 | Temple   | Entered the Ecumenical Temple
  3710 | Temple   | Became a worshipper of Vehumet
  4197 | D:6      | Identified the +4 ring mail of Free Will {rC++}
  4469 | D:6      | Found a faded altar of an unknown god.
  4469 | D:6      | Found a hazy altar of Hepliaklqana.
  4469 | D:6      | Noticed a yak
  4469 | D:6      | Noticed a yak
  4481 | D:6      | Killed a yak
  4575 | D:6      | Noticed a yak
  4586 | D:6      | Killed a yak
  4587 | D:6      | Reached skill level 7 in Spellcasting
  4587 | D:6      | Reached skill level 5 in Fire Magic
  4593 | D:6      | Noticed a yak
  4595 | D:6      | Noticed a yak
  4596 | D:6      | Noticed a yak
  4611 | D:6      | Killed a yak
  4623 | D:5      | Killed a yak
  4624 | D:5      | Reached XP level 9. HP: 41/84 MP: 1/20
  4755 | D:5      | Learned a level 4 spell: Flame Wave
  4966 | D:6      | Found a faded altar of an unknown god.
  5487 | D:7      | Found Qeufeov's Magic Scroll Boutique.
  5723 | D:7      | Reached skill level 5 in Fighting
  5824 | D:7      | Reached * piety under Vehumet
  5824 | D:7      | Offered knowledge of Sandblast by Vehumet.
  5825 | D:7      | Reached skill level 8 in Spellcasting
  6069 | D:7      | HP: 2/88 [something/ball of steam (13)]
  7539 | D:8      | Noticed Maggie
  7554 | D:8      | HP: 4/88 [shot self (10)]
  7554 | D:8      | Killed Maggie
  7555 | D:8      | Reached skill level 9 in Spellcasting
  7555 | D:8      | Reached XP level 10. HP: 4/96 MP: 0/23
  7894 | D:8      | Found a shadowy altar of Dithmenos.
  7894 | D:8      | Found a white marble altar of Elyvilon.
  8409 | D:8      | Reached skill level 1 in Shields
  8543 | D:8      | Found a snail-covered altar of Cheibriados.
  8804 | D:9      | Offered knowledge of Searing Ray by Vehumet.
  8822 | D:9      | Learned a level 2 spell: Searing Ray
  8991 | D:9      | Reached skill level 1 in Armour
  9000 | D:9      | Reached ** piety under Vehumet
  9037 | D:9      | Demolished by a shadow

Illustrated notes

Levels and vault maps discovered:
D:1:      tarquinn_simple_flora_water_e, layout_basic
D:2:      layout_basic, hangedman_abyss_or_decor_stabs, uniq_robin
D:3:      layout_basic, uniq_terence, uniq_sigmund
D:4:      layout_cave_pools, nicolae_tso_besieged_by_evil,
          cheibrodos_ashenzari_chains
D:5:      cheibrodos_thug_alley, layout_cave_pools,
          minmay_temple_entry_mini_moons, uniq_menkaure
D:6:      layout_basic, nicolae_hepliaklqana_ecumenical_no_more,
          chequers_serial_rivers_room_a
D:7:      layout_basic, serial_shops, shop
D:8:      layout_loops_ring, chei_slow_surprise,
          mainiacjoe_overflow_divided_tiny, uniq_maggie
D:9:      layout_roguey, dpeg_lair_monsters, roderic_roman_lattice
Temple:   dpeg_chambers_temple

Skill      XL: |  1  2  3  4  5  6  7  8  9 10 |
---------------+-------------------------------+-----
Fire Magic     | 3 4 5 6 7 |  7.3
Conjurations   | 1 2 3 4 |  4.3
Dodging        | 2 3 4 |  4.5
Spellcasting   | 3 4 5 6 7 9 |  9.5
Fighting       | 1 2 4 5 |  5.8
Translocations | 1 2 3 4 |  4.0
Polearms       | 1 2 |  2.1
Shields        | 1 |  1.6
Armour         | 1 |  1.2
Maces & Flails | |  0.5
Stealth        | |  1.7
Evocations     | |  0.6

Action                     |  1- 3 |  4- 6 |  7- 9 | 10-12 || total
---------------------------+-------+-------+-------+-------++-------
  Melee: Unarmed           |     2 |       |       |       ||     2
         Mace              |     9 |    19 |       |       ||    28
         Halberd           |       |    13 |    99 |       ||   112
         Whip              |       |       |    25 |    26 ||    51
         Punch             |       |       |     1 |     1 ||     2
  Throw: Dart              |       |       |       |     1 ||     1
   Cast: Foxfire           |    48 |    63 |   177 |    10 ||   298
         Scorch            |     9 |    20 |    46 |    16 ||    91
         Volatile Blastmot |       |    15 |    33 |    19 ||    67
         Flame Wave        |       |       |     7 |     1 ||     8
         Blink             |       |       |     2 |     1 ||     3
         Apportation       |       |       |       |     2 ||     2
         Searing Ray       |       |       |       |     1 ||     1
    Use: Scroll            |       |     3 |    14 |     1 ||    18
         Potion            |       |       |     1 |       ||     1
 Armour: Robe              |    28 |    69 |   150 |       ||   247
         Steam dragon scal |       |       |    21 |     2 ||    23
         Swamp dragon scal |       |       |       |    47 ||    47
  Dodge: Dodged            |    13 |    58 |   100 |    16 ||   187
  Block: Other             |       |       |     9 |     7 ||    16
         Reflection        |       |       |       |     1 ||     1

Table legend: (Time is in decaauts)
 A = Elapsed time spent in this place.
 B = Non-inter-level travel time spent in this place.
 C = Inter-level travel time spent in this place.
 D = Time resting spent in this place.
 E = Time spent auto-exploring this place.
 F = Levels seen in this place.
 G = Mean time per level.
                   A        B        C        D        E       F      G
               +--------+--------+--------+--------+--------+-----+--------+
         Total |   9121 |   8637 |    484 |      0 |   6751 |  10 |  912.1 |
       Dungeon |   9016 |   8634 |    382 |      0 |   6751 |   9 | 1001.8 |
        Temple |    104 |      2 |    102 |      0 |      0 |   1 |  104.0 |
               +--------+--------+--------+--------+--------+-----+--------+

Top non-repeatable levels by time:
     D:7: 1705 daAuts
     D:8: 1559 daAuts
     D:5: 1230 daAuts
     D:6: 1042 daAuts
     D:1: 861 daAuts
     D:3: 805 daAuts
     D:4: 723 daAuts
     D:2: 687 daAuts
     D:9: 402 daAuts
  Temple: 104 daAuts
